[ AOE2 MATCH · #479264792 ]
Team RMMongols vs Dravidians
[ REPLAY ANALYSIS · EXTRACTED FROM THE RECORDED GAME ]
Feudal
10:56
Castle
18:17
Imperial
29:45
| APM avg | 50.8 |
| APM peak | 110 |
| eAPM avg | 25.9 |
| Villagers / military | 158 / 243 |
Focus
⚔️ 34.0% · 🌾 66.0%
Cavalry Archer ×132 · Spearman ×75 · Mangonel ×25 · Trade Cart ×14 · Scout Cavalry ×6 · Skirmisher ×3
Feudal
11:35
Castle
16:22
Imperial
31:25
| APM avg | 24.0 |
| APM peak | 56 |
| eAPM avg | 12.2 |
| Villagers / military | 112 / 107 |
Focus
⚔️ 25.2% · 🌾 74.8%
Elephant Archer ×84 · Trade Cart ×12 · Spearman ×9 · Monk ×7 · Trebuchet (Packed) ×5 · Bombard Cannon ×2
Feudal
11:48
Castle
15:59
Imperial
30:29
| APM avg | 25.5 |
| APM peak | 55 |
| eAPM avg | 16.9 |
| Villagers / military | 132 / 303 |
Focus
⚔️ 26.5% · 🌾 73.5%
Spearman ×193 · Knight ×81 · Trade Cart ×28 · Mangonel ×20 · Trebuchet (Packed) ×9
Feudal
10:09
Castle
21:38
Imperial
26:19
| APM avg | 33.8 |
| APM peak | 91 |
| eAPM avg | 22.1 |
| Villagers / military | 116 / 318 |
Focus
⚔️ 46.2% · 🌾 53.8%
Scout Cavalry ×124 · Knight ×116 · Spearman ×56 · Trade Cart ×18 · Skirmisher ×15 · Trebuchet (Packed) ×5
Match map
Initial resources + every placement click. Lines = walls · curves = elevation contours. ◆ gold · ⬟ stone · ● berries · ✦ relic · ◌ wall gap
Your base· ✓ Closed at 18:17 · 6t walls · no gate
K4rstein's base· ✓ Closed at 16:22 · 45t walls · 1 gate(s)
chris3er's base· ✓ Closed at 15:59 · 0t walls · no gate
roydeeb's base· ✓ Closed at 21:38 · 16t walls · 1 gate(s)
Smoothed initial terrain · ◌ = detected wall gap · hover for details
Inputs per minute
— Ippan - - K4rstein
Build order — Ippan
First 150 of 639 actions detected
| 0:01 | Create | Villager (Male) |
| 0:02 | Create | Villager (Male) |
| 0:03 | Build | House |
| 0:04 | Build | House |
| 0:32 | Create | Villager (Male) |
| 0:32 | Create | Villager (Male) |
| 1:24 | Create | Villager (Male) |
| 1:49 | Build | Lumber Camp |
| 2:02 | Create | Villager (Male) |
| 2:28 | Create | Villager (Male) |
| 3:00 | Create | Villager (Male) |
| 3:39 | Create | Villager (Male) |
| 3:39 | Create | Villager (Male) |
| 4:03 | Create | Villager (Male) |
| 4:13 | Create | Villager (Male) |
| 4:35 | Create | Villager (Male) |
| 4:59 | Build | House |
| 5:00 | Build | House |
| 6:00 | Create | Villager (Male) |
| 6:54 | Create | Villager (Male) |
| 6:55 | Create | Villager (Male) |
| 7:01 | Build | Mill |
| 7:56 | Create | Villager (Male) |
| 7:58 | Research | Loom |
| 7:58 | Research | Feudal Age |
| 8:55 | Create | Villager (Male) |
| 9:07 | Build | Lumber Camp |
| 9:32 | Create | Villager (Male) |
| 9:49 | Build | House |
| 9:50 | Build | House |
| 10:03 | Build | Barracks |
| 10:48 | Build | Farm |
| 10:56 | Age | Feudal Age |
| 11:07 | Build | Stable |
| 11:30 | Build | Farm |
| 11:31 | Create | Villager (Male) |
| 11:35 | Build | Farm |
| 11:44 | Research | Double-Bit Axe |
| 11:50 | Create | Scout Cavalry |
| 11:50 | Create | Scout Cavalry |
| 11:50 | Create | Scout Cavalry |
| 11:55 | Create | Villager (Male) |
| 12:01 | Build | Farm |
| 12:05 | Build | Farm |
| 12:06 | Create | Villager (Male) |
| 12:33 | Build | Blacksmith |
| 12:36 | Create | Villager (Male) |
| 12:47 | Build | House |
| 13:06 | Create | Scout Cavalry |
| 13:09 | Create | Scout Cavalry |
| 13:09 | Create | Scout Cavalry |
| 13:12 | Create | Villager (Male) |
| 13:24 | Build | Mining Camp |
| 13:25 | Create | Villager (Male) |
| 13:33 | Build | Farm |
| 13:35 | Build | Farm |
| 13:39 | Build | House |
| 13:43 | Build | Palisade Wall |
| 13:45 | Build | Palisade Wall |
| 13:51 | Create | Villager (Male) |
| 13:51 | Create | Villager (Male) |
| 14:08 | Build | Farm |
| 14:08 | Create | Villager (Male) |
| 14:16 | Build | Farm |
| 14:42 | Build | Market |
| 15:22 | Build | House |
| 15:37 | Research | Castle Age |
| 15:37 | Research | Castle Age |
| 16:15 | Research | Scale Barding Armor |
| 16:24 | Research | Fletching |
| 16:41 | Create | Villager (Male) |
| 16:54 | Research | Gold Mining |
| 17:21 | Create | Villager (Male) |
| 17:33 | Research | Horse Collar |
| 17:44 | Build | Archery Range |
| 17:45 | Build | Archery Range |
| 18:17 | Age | Castle Age |
| 18:20 | Build | Town Center |
| 18:26 | Research | Bodkin Arrow |
| 18:40 | Create | Villager (Male) |
| 19:05 | Create | Villager (Male) |
| 19:36 | Build | Monastery |
| 19:40 | Create | Villager (Male) |
| 19:56 | Build | Town Center |
| 20:00 | Create | Villager (Male) |
| 20:00 | Create | Villager (Male) |
| 20:15 | Create | Villager (Male) |
| 20:27 | Create | Cavalry Archer |
| 20:27 | Create | Cavalry Archer |
| 20:27 | Create | Cavalry Archer |
| 20:33 | Create | Monk |
| 20:48 | Create | Villager (Male) |
| 21:08 | Research | Stone Mining |
| 21:11 | Build | House |
| 21:25 | Create | Villager (Male) |
| 21:25 | Create | Villager (Male) |
| 21:26 | Create | Villager (Male) |
| 21:26 | Create | Villager (Male) |
| 22:05 | Create | Monk |
| 22:09 | Create | Villager (Male) |
| 22:11 | Create | Villager (Male) |
| 22:12 | Create | Villager (Male) |
| 22:18 | Build | Farm |
| 22:22 | Build | Farm |
| 22:25 | Create | Villager (Male) |
| 22:25 | Create | Villager (Male) |
| 22:31 | Build | Farm |
| 22:33 | Build | Farm |
| 22:36 | Create | Cavalry Archer |
| 22:36 | Create | Cavalry Archer |
| 22:58 | Create | Villager (Male) |
| 23:02 | Create | Cavalry Archer |
| 23:02 | Create | Cavalry Archer |
| 23:02 | Create | Cavalry Archer |
| 23:08 | Build | Farm |
| 23:09 | Build | Farm |
| 23:35 | Create | Cavalry Archer |
| 23:35 | Create | Cavalry Archer |
| 23:36 | Create | Cavalry Archer |
| 23:37 | Create | Villager (Male) |
| 23:40 | Build | House |
| 23:41 | Build | House |
| 23:42 | Build | House |
| 23:47 | Create | Villager (Male) |
| 23:47 | Create | Villager (Male) |
| 23:57 | Build | Farm |
| 23:58 | Build | Farm |
| 24:02 | Build | Farm |
| 24:20 | Research | Gold Shaft Mining |
| 24:38 | Create | Villager (Male) |
| 24:38 | Create | Villager (Male) |
| 25:06 | Build | University |
| 25:17 | Research | Town Watch |
| 25:21 | Create | Cavalry Archer |
| 25:21 | Create | Cavalry Archer |
| 25:22 | Create | Villager (Male) |
| 25:22 | Create | Villager (Male) |
| 25:28 | Build | Farm |
| 25:30 | Build | Farm |
| 25:40 | Build | Farm |
| 25:52 | Build | House |
| 25:53 | Build | House |
| 25:54 | Build | House |
| 26:35 | Research | Imperial Age |
| 26:35 | Research | Imperial Age |
| 26:45 | Build | Farm |
| 26:48 | Create | Villager (Male) |
| 26:53 | Create | Villager (Male) |
| 26:53 | Create | Villager (Male) |
| 27:10 | Build | Mining Camp |
Build order — K4rstein
First 150 of 353 actions detected
| 0:02 | Create | Villager (Male) |
| 0:02 | Create | Villager (Male) |
| 0:02 | Create | Villager (Male) |
| 0:02 | Create | Villager (Male) |
| 0:06 | Build | House |
| 0:35 | Build | House |
| 1:41 | Create | Villager (Male) |
| 1:56 | Build | Lumber Camp |
| 2:12 | Create | Villager (Male) |
| 2:39 | Create | Villager (Male) |
| 2:56 | Create | Villager (Male) |
| 3:11 | Build | House |
| 3:17 | Create | Villager (Male) |
| 3:56 | Create | Villager (Male) |
| 3:56 | Create | Villager (Male) |
| 4:05 | Build | Mill |
| 4:12 | Create | Villager (Male) |
| 4:41 | Create | Villager (Male) |
| 5:14 | Create | Villager (Male) |
| 5:24 | Build | House |
| 5:37 | Create | Villager (Male) |
| 5:59 | Create | Villager (Male) |
| 6:12 | Create | Villager (Male) |
| 6:12 | Create | Villager (Male) |
| 6:12 | Create | Villager (Male) |
| 6:17 | Build | House |
| 6:44 | Create | Villager (Male) |
| 6:44 | Create | Villager (Male) |
| 6:56 | Research | Loom |
| 7:10 | Create | Villager (Male) |
| 7:10 | Create | Villager (Male) |
| 7:26 | Build | Mining Camp |
| 7:40 | Create | Villager (Male) |
| 7:40 | Create | Villager (Male) |
| 7:40 | Create | Villager (Male) |
| 7:41 | Create | Villager (Male) |
| 7:41 | Create | Villager (Male) |
| 8:02 | Build | Palisade Wall |
| 8:05 | Build | Palisade Wall |
| 8:07 | Create | Villager (Male) |
| 9:25 | Research | Feudal Age |
| 10:00 | Build | Barracks |
| 10:26 | Build | House |
| 10:55 | Build | Palisade Wall |
| 11:35 | Age | Feudal Age |
| 11:54 | Build | Stone Wall |
| 12:20 | Build | Market |
| 12:43 | Build | Blacksmith |
| 12:55 | Build | Farm |
| 13:00 | Build | Farm |
| 13:10 | Build | Farm |
| 13:18 | Build | Farm |
| 13:36 | Research | Double-Bit Axe |
| 13:42 | Research | Castle Age |
| 13:49 | Build | House |
| 14:09 | Research | Horse Collar |
| 14:19 | Build | Gate |
| 15:18 | Build | House |
| 15:39 | Build | Farm |
| 15:53 | Build | Farm |
| 16:04 | Build | Stone Wall |
| 16:05 | Build | Stone Wall |
| 16:22 | Age | Castle Age |
| 16:29 | Create | Villager (Male) |
| 16:30 | Create | Villager (Male) |
| 16:31 | Create | Villager (Male) |
| 16:35 | Build | Town Center |
| 16:44 | Create | Villager (Male) |
| 16:44 | Create | Villager (Male) |
| 16:47 | Create | Villager (Male) |
| 16:47 | Create | Villager (Male) |
| 17:06 | Build | Town Center |
| 17:12 | Create | Villager (Male) |
| 17:33 | Create | Villager (Male) |
| 17:52 | Create | Villager (Male) |
| 17:52 | Create | Villager (Male) |
| 18:16 | Build | Monastery |
| 18:18 | Create | Villager (Male) |
| 18:21 | Create | Villager (Male) |
| 18:38 | Research | Bow Saw |
| 18:49 | Create | Villager (Male) |
| 18:51 | Create | Villager (Male) |
| 19:02 | Create | Monk |
| 19:07 | Build | House |
| 19:14 | Build | House |
| 19:15 | Create | Villager (Male) |
| 19:21 | Create | Villager (Male) |
| 19:22 | Create | Villager (Male) |
| 19:28 | Build | Farm |
| 19:32 | Build | Farm |
| 19:38 | Build | Farm |
| 19:43 | Build | Farm |
| 19:47 | Build | Farm |
| 19:50 | Create | Villager (Male) |
| 20:04 | Build | House |
| 20:07 | Create | Villager (Male) |
| 20:17 | Build | Farm |
| 20:20 | Build | Farm |
| 20:24 | Build | Farm |
| 20:30 | Build | Farm |
| 20:34 | Create | Spearman |
| 20:35 | Create | Spearman |
| 20:45 | Create | Monk |
| 20:47 | Create | Villager (Male) |
| 20:55 | Build | Farm |
| 20:58 | Build | Farm |
| 21:02 | Build | Farm |
| 21:05 | Build | Farm |
| 21:10 | Build | Farm |
| 21:11 | Create | Villager (Male) |
| 21:11 | Create | Villager (Male) |
| 21:12 | Create | Villager (Male) |
| 21:17 | Build | House |
| 21:32 | Create | Spearman |
| 21:32 | Create | Spearman |
| 21:35 | Create | Villager (Male) |
| 21:41 | Build | Farm |
| 21:47 | Build | Farm |
| 21:51 | Build | Farm |
| 21:56 | Build | Farm |
| 22:00 | Create | Villager (Male) |
| 22:01 | Create | Villager (Male) |
| 22:01 | Create | Villager (Male) |
| 22:07 | Build | House |
| 22:13 | Create | Spearman |
| 22:18 | Build | House |
| 22:20 | Create | Villager (Male) |
| 22:28 | Create | Spearman |
| 22:36 | Create | Villager (Male) |
| 22:37 | Create | Villager (Male) |
| 22:44 | Build | Farm |
| 22:47 | Build | Farm |
| 22:52 | Build | Farm |
| 22:57 | Create | Villager (Male) |
| 22:57 | Create | Villager (Male) |
| 22:58 | Create | Villager (Male) |
| 23:03 | Create | Spearman |
| 23:05 | Build | House |
| 23:08 | Create | Spearman |
| 23:12 | Create | Villager (Male) |
| 23:22 | Build | Farm |
| 23:26 | Build | Farm |
| 23:29 | Research | Heavy Plow |
| 23:34 | Create | Villager (Male) |
| 23:41 | Build | House |
| 23:54 | Create | Spearman |
| 23:57 | Create | Villager (Male) |
| 23:57 | Create | Villager (Male) |
| 23:57 | Create | Villager (Male) |
| 24:17 | Create | Villager (Male) |
Build order — chris3er
First 150 of 460 actions detected
| 0:01 | Create | Villager (Male) |
| 0:01 | Create | Villager (Male) |
| 0:02 | Build | House |
| 0:04 | Build | House |
| 0:29 | Create | Villager (Male) |
| 0:29 | Create | Villager (Male) |
| 0:29 | Create | Villager (Male) |
| 1:24 | Create | Villager (Male) |
| 1:49 | Build | Lumber Camp |
| 2:08 | Create | Villager (Male) |
| 2:08 | Create | Villager (Male) |
| 2:13 | Build | House |
| 2:16 | Create | Villager (Male) |
| 2:16 | Create | Villager (Male) |
| 2:49 | Create | Villager (Male) |
| 2:49 | Create | Villager (Male) |
| 3:07 | Create | Villager (Male) |
| 3:40 | Create | Villager (Male) |
| 3:40 | Create | Villager (Male) |
| 4:02 | Build | Mill |
| 4:03 | Create | Villager (Male) |
| 4:20 | Build | House |
| 4:29 | Create | Villager (Male) |
| 4:40 | Research | Loom |
| 4:58 | Create | Villager (Male) |
| 4:58 | Create | Villager (Male) |
| 5:35 | Create | Villager (Male) |
| 5:35 | Create | Villager (Male) |
| 6:07 | Create | Villager (Male) |
| 6:07 | Create | Villager (Male) |
| 6:40 | Create | Villager (Male) |
| 7:13 | Create | Villager (Male) |
| 7:31 | Create | Villager (Male) |
| 7:32 | Create | Villager (Male) |
| 7:32 | Create | Villager (Male) |
| 8:00 | Build | House |
| 8:39 | Build | Mining Camp |
| 9:24 | Research | Feudal Age |
| 9:42 | Build | Mining Camp |
| 10:06 | Create | Villager (Male) |
| 10:07 | Create | Villager (Male) |
| 10:19 | Build | Barracks |
| 10:29 | Research | Loom |
| 11:23 | Build | House |
| 11:48 | Age | Feudal Age |
| 11:53 | Build | Blacksmith |
| 12:02 | Build | Market |
| 12:38 | Build | Stable |
| 13:04 | Build | Farm |
| 13:05 | Build | Farm |
| 13:07 | Build | Farm |
| 13:19 | Research | Castle Age |
| 13:25 | Build | House |
| 13:43 | Build | Farm |
| 14:14 | Research | Double-Bit Axe |
| 14:26 | Build | Lumber Camp |
| 14:32 | Build | Farm |
| 14:40 | Research | Horse Collar |
| 14:44 | Create | Villager (Male) |
| 14:44 | Create | Villager (Male) |
| 14:49 | Build | House |
| 15:39 | Build | House |
| 15:59 | Age | Castle Age |
| 16:06 | Build | Siege Workshop |
| 16:14 | Create | Villager (Male) |
| 16:15 | Create | Villager (Male) |
| 16:25 | Build | Town Center |
| 16:29 | Build | Farm |
| 16:32 | Build | Farm |
| 16:54 | Create | Mangonel |
| 17:03 | Build | House |
| 17:04 | Build | House |
| 17:13 | Research | Wheelbarrow |
| 17:20 | Build | Farm |
| 17:43 | Build | Farm |
| 17:47 | Create | Villager (Male) |
| 17:55 | Create | Villager (Male) |
| 18:00 | Build | Farm |
| 18:04 | Build | Farm |
| 18:09 | Build | Farm |
| 18:10 | Build | Farm |
| 18:11 | Create | Villager (Male) |
| 18:28 | Research | Bow Saw |
| 18:43 | Create | Villager (Male) |
| 19:02 | Build | House |
| 19:05 | Build | House |
| 19:12 | Build | Town Center |
| 19:16 | Create | Villager (Male) |
| 19:16 | Create | Villager (Male) |
| 19:17 | Create | Villager (Male) |
| 19:18 | Create | Villager (Male) |
| 19:26 | Create | Villager (Male) |
| 19:30 | Build | Farm |
| 19:39 | Build | Farm |
| 19:40 | Build | Farm |
| 19:41 | Build | Farm |
| 19:46 | Create | Villager (Male) |
| 19:48 | Create | Villager (Male) |
| 20:01 | Create | Mangonel |
| 20:07 | Create | Villager (Male) |
| 20:15 | Build | House |
| 20:20 | Create | Villager (Male) |
| 20:22 | Create | Villager (Male) |
| 20:27 | Create | Villager (Male) |
| 20:32 | Build | Farm |
| 20:33 | Build | Farm |
| 20:34 | Build | Farm |
| 20:50 | Create | Villager (Male) |
| 20:51 | Create | Villager (Male) |
| 20:51 | Create | Villager (Male) |
| 20:54 | Build | Farm |
| 20:55 | Build | Farm |
| 20:57 | Build | Farm |
| 21:04 | Research | Heavy Plow |
| 21:07 | Build | House |
| 21:13 | Create | Villager (Male) |
| 21:21 | Create | Villager (Male) |
| 21:29 | Create | Villager (Male) |
| 21:29 | Create | Villager (Male) |
| 21:36 | Create | Villager (Male) |
| 21:37 | Create | Villager (Male) |
| 21:39 | Create | Villager (Male) |
| 21:44 | Create | Villager (Male) |
| 21:44 | Create | Villager (Male) |
| 21:51 | Build | Farm |
| 21:53 | Build | Farm |
| 21:54 | Build | Farm |
| 21:56 | Create | Villager (Male) |
| 22:00 | Build | House |
| 22:05 | Build | Barracks |
| 22:13 | Create | Villager (Male) |
| 22:14 | Create | Villager (Male) |
| 22:17 | Create | Villager (Male) |
| 22:18 | Create | Villager (Male) |
| 22:22 | Build | Farm |
| 22:28 | Build | Farm |
| 22:29 | Create | Villager (Male) |
| 22:38 | Research | Gold Mining |
| 22:41 | Create | Villager (Male) |
| 22:42 | Create | Villager (Male) |
| 23:10 | Create | Villager (Male) |
| 23:10 | Create | Villager (Male) |
| 23:12 | Create | Villager (Male) |
| 23:12 | Create | Villager (Male) |
| 23:12 | Create | Villager (Male) |
| 23:16 | Create | Villager (Male) |
| 23:16 | Create | Villager (Male) |
| 23:26 | Build | Farm |
| 23:28 | Build | Farm |
| 23:29 | Build | Farm |
Build order — roydeeb
First 150 of 630 actions detected
| 0:01 | Create | Villager (Male) |
| 0:01 | Create | Villager (Male) |
| 0:03 | Build | House |
| 0:04 | Build | House |
| 0:17 | Create | Villager (Male) |
| 0:18 | Create | Villager (Male) |
| 1:31 | Create | Villager (Male) |
| 2:02 | Create | Villager (Male) |
| 2:18 | Create | Villager (Male) |
| 2:51 | Create | Villager (Male) |
| 3:07 | Build | Lumber Camp |
| 3:14 | Create | Villager (Male) |
| 3:35 | Create | Villager (Male) |
| 3:36 | Create | Villager (Male) |
| 3:46 | Build | House |
| 4:04 | Create | Villager (Male) |
| 4:20 | Create | Villager (Male) |
| 4:30 | Build | House |
| 4:37 | Build | Mill |
| 4:54 | Create | Villager (Male) |
| 5:15 | Create | Villager (Male) |
| 5:19 | Create | Villager (Male) |
| 5:53 | Create | Villager (Male) |
| 6:08 | Create | Villager (Male) |
| 6:29 | Build | House |
| 6:32 | Research | Loom |
| 6:55 | Create | Villager (Male) |
| 7:16 | Create | Villager (Male) |
| 7:32 | Create | Villager (Male) |
| 7:59 | Research | Feudal Age |
| 8:36 | Build | Palisade Wall |
| 9:23 | Build | House |
| 9:52 | Create | Villager (Male) |
| 10:09 | Age | Feudal Age |
| 10:09 | Research | Double-Bit Axe |
| 10:25 | Build | Town Center |
| 10:51 | Build | Palisade Gate |
| 11:00 | Create | Villager (Male) |
| 11:00 | Create | Villager (Male) |
| 11:33 | Create | Villager (Male) |
| 11:57 | Build | Lumber Camp |
| 12:13 | Create | Villager (Male) |
| 12:21 | Create | Villager (Male) |
| 12:33 | Create | Villager (Male) |
| 12:34 | Create | Villager (Male) |
| 12:34 | Create | Villager (Male) |
| 12:41 | Build | Farm |
| 12:44 | Build | Farm |
| 12:53 | Create | Villager (Male) |
| 12:59 | Create | Villager (Male) |
| 12:59 | Create | Villager (Male) |
| 13:09 | Build | Barracks |
| 13:15 | Create | Villager (Male) |
| 13:28 | Build | Blacksmith |
| 13:31 | Build | House |
| 13:33 | Build | House |
| 13:38 | Create | Villager (Male) |
| 13:52 | Build | Farm |
| 14:00 | Create | Villager (Male) |
| 14:01 | Build | Farm |
| 14:03 | Create | Villager (Male) |
| 14:07 | Build | Farm |
| 14:09 | Research | Horse Collar |
| 14:19 | Research | Wheelbarrow |
| 14:21 | Create | Villager (Male) |
| 14:26 | Build | Farm |
| 14:35 | Create | Villager (Male) |
| 14:38 | Build | Farm |
| 14:58 | Build | Farm |
| 15:19 | Build | Farm |
| 15:22 | Build | Farm |
| 15:34 | Create | Villager (Male) |
| 15:54 | Build | Farm |
| 16:13 | Build | Farm |
| 16:15 | Create | Villager (Male) |
| 16:23 | Create | Villager (Male) |
| 16:39 | Build | Stable |
| 16:40 | Build | Stable |
| 16:46 | Build | Stable |
| 16:49 | Create | Villager (Male) |
| 16:49 | Create | Villager (Male) |
| 16:50 | Create | Villager (Male) |
| 17:06 | Build | Farm |
| 17:06 | Build | Farm |
| 17:07 | Build | Farm |
| 17:07 | Build | Farm |
| 17:15 | Build | Farm |
| 17:23 | Build | House |
| 17:24 | Build | House |
| 17:27 | Build | House |
| 17:41 | Create | Villager (Male) |
| 17:50 | Create | Villager (Male) |
| 17:55 | Build | Farm |
| 17:58 | Build | Farm |
| 18:02 | Create | Villager (Male) |
| 18:08 | Build | Stable |
| 18:13 | Create | Villager (Male) |
| 18:36 | Build | House |
| 18:39 | Build | Farm |
| 18:40 | Create | Villager (Male) |
| 18:58 | Research | Castle Age |
| 19:07 | Build | Farm |
| 19:10 | Build | Farm |
| 19:14 | Create | Villager (Male) |
| 19:14 | Create | Villager (Male) |
| 20:04 | Build | Market |
| 20:07 | Create | Villager (Male) |
| 20:08 | Create | Villager (Male) |
| 20:34 | Build | Mining Camp |
| 21:01 | Create | Villager (Male) |
| 21:01 | Create | Villager (Male) |
| 21:14 | Build | House |
| 21:15 | Build | House |
| 21:16 | Build | House |
| 21:22 | Research | Scale Barding Armor |
| 21:29 | Research | Bloodlines |
| 21:32 | Create | Villager (Male) |
| 21:38 | Age | Castle Age |
| 21:45 | Build | Town Center |
| 21:52 | Build | Farm |
| 21:58 | Build | University |
| 22:01 | Create | Villager (Male) |
| 22:02 | Create | Villager (Male) |
| 22:08 | Build | Monastery |
| 22:19 | Build | Farm |
| 22:22 | Build | Farm |
| 22:27 | Create | Villager (Male) |
| 22:27 | Create | Villager (Male) |
| 22:29 | Create | Villager (Male) |
| 23:09 | Research | Imperial Age |
| 23:10 | Research | Imperial Age |
| 23:16 | Create | Monk |
| 23:16 | Create | Monk |
| 23:24 | Build | House |
| 23:25 | Build | House |
| 23:27 | Build | House |
| 23:30 | Create | Villager (Male) |
| 23:30 | Create | Villager (Male) |
| 23:39 | Research | Bow Saw |
| 23:44 | Create | Villager (Male) |
| 23:44 | Create | Villager (Male) |
| 24:00 | Research | Gold Mining |
| 24:06 | Create | Villager (Male) |
| 24:09 | Create | Villager (Male) |
| 24:44 | Build | Mining Camp |
| 24:52 | Create | Knight |
| 24:52 | Create | Knight |
| 24:52 | Create | Knight |
| 24:53 | Create | Knight |
| 24:53 | Create | Knight |
Match timeline
| 8:02 | K4rstein · wall_segment Palisade Wall x2 |
| 8:05 | K4rstein · wall_segment Palisade Wall x19 |
| 8:36 | roydeeb · wall_segment Palisade Wall x16 |
| 10:00 | K4rstein · first_building Barracks |
| 10:03 | Ippan · first_building Barracks |
| 10:09 | roydeeb · age_up feudal |
| 10:19 | chris3er · first_building Barracks |
| 10:55 | K4rstein · wall_segment Palisade Wall x1 |
| 10:56 | Ippan · age_up feudal |
| 11:07 | Ippan · first_building Stable |
| 11:35 | K4rstein · age_up feudal |
| 11:48 | chris3er · age_up feudal |
| 11:54 | K4rstein · wall_segment Stone Wall x23 |
| 12:38 | chris3er · first_building Stable |
| 13:09 | roydeeb · first_building Barracks |
| 13:43 | Ippan · wall_segment Palisade Wall x3 |
| 13:45 | Ippan · wall_segment Palisade Wall x3 |
| 15:34 | Ippan · first_market_sell 100 stone |
| 15:59 | chris3er · age_up castle |
| 16:04 | K4rstein · wall_segment Stone Wall x1 |
| 16:05 | K4rstein · wall_segment Stone Wall x1 |
| 16:06 | chris3er · first_building Siege Workshop |
| 16:19 | chris3er · first_market_buy 100 wood |
| 16:22 | K4rstein · age_up castle |
| 16:39 | roydeeb · first_building Stable |
| 16:51 | chris3er · first_market_sell 100 food |
| 17:44 | Ippan · first_building Archery Range |
| 18:16 | K4rstein · first_building Monastery |
| 18:17 | Ippan · age_up castle |
| 19:36 | Ippan · first_building Monastery |
| 19:49 | Ippan · first_market_buy 100 stone |
| 21:38 | roydeeb · age_up castle |
| 22:08 | roydeeb · first_building Monastery |
| 23:45 | chris3er · first_building Monastery |
| 25:27 | K4rstein · first_building Archery Range |
| 26:19 | roydeeb · age_up imperial |
| 26:43 | roydeeb · first_market_buy 100 stone |
| 26:47 | roydeeb · first_market_sell 100 wood |
| 27:05 | chris3er · first_building Castle |
| 27:15 | roydeeb · first_building Castle |
| 27:47 | K4rstein · first_building Castle |
| 28:24 | Ippan · first_building Siege Workshop |
| 29:22 | K4rstein · first_building Siege Workshop |
| 29:45 | Ippan · age_up imperial |
| 30:29 | chris3er · age_up imperial |
| 31:25 | K4rstein · age_up imperial |
| 32:36 | K4rstein · first_market_sell 100 wood |
| 33:14 | Ippan · first_building Castle |
| 35:47 | K4rstein · first_building Stable |
| 40:46 | roydeeb · tribute_sent a jugador 1 |
| 40:46 | roydeeb · tribute_sent a jugador 2 |
| 40:46 | roydeeb · tribute_sent a jugador 3 |
| 46:38 | roydeeb · first_building Archery Range |
| 52:49 | Ippan · tribute_sent a jugador 1 |
| 52:49 | Ippan · tribute_sent a jugador 3 |
| 52:49 | Ippan · tribute_sent a jugador 4 |
| 54:43 | roydeeb · resign |
[ AI ANALYSIS · 1 CREDIT ]
What really happened in this match?
Wolo.gg analyzes every decision: build order, eco, micro, common mistakes by bracket. Personalized analysis on WhatsApp or Discord in 30 seconds.
Civ guide
Mongols
Map guide
Amazon Tunnel
Perfil
Jugador #455718